 Dungeon Crawl Stone Soup version 0.23-a0-584-g44dd78f (webtiles) character file.

9 zishaf the Insei (level 2, 0/21 HPs)
             Began as a Demonspawn Transmuter on Dec 18, 2018.
             Slain by a leopard gecko (4 damage)
             ... on level 1 of the Dungeon.
             The game lasted 00:00:49 (323 turns).

zishaf the Insei (Demonspawn Transmuter)             Turns: 323, Time: 00:00:50

Health: 0/21       AC:  2    Str: 10    XL:     2   Next: 3%
Magic:  4/5        EV: 12    Int: 14    God:
Gold:   41         SH:  0    Dex: 13    Spells: 4/5 levels left

rFire    . . .     SeeInvis .     - Unarmed
rCold    . . .     Gourm    .   (no shield)
rNeg     . . .     Faith    .   b - +0 robe
rPois    .         Spirit   .   (no helmet)
rElec    .         Reflect  .   (no cloak)
rCorr    .         Harm     .   (no gloves)
MR       .....                  (boots currently unavailable)
Stlth    +.........             (no amulet)
HPRegen  0.07/turn              (no ring)
MPRegen  0.09/turn              (no ring)

@: appendage (expiring)
A: talons 3, rot immunity
a: End Transformation


You were on level 1 of the Dungeon.
You were not hungry.
You had grown temporary talons.
You visited 1 branch of the dungeon, and saw 1 of its levels.

You collected 41 gold pieces.

Inventory:

Missiles
 a - 12 arrows
Armour
 b - a +0 robe (worn)
Scrolls
 e - a scroll of enchant armour {unknown}
 g - a scroll of teleportation {unknown}
Potions
 f - a potion of curing {unknown}
Comestibles
 c - 2 chunks of flesh
 d - 2 rations


   Skills:
 + Level 1.2 Fighting
 + Level 1.9 Dodging
 + Level 2.8 Unarmed Combat
 - Level 2.1 Spellcasting
 + Level 1.9 Transmutations


You had 4 spell levels left.
You knew the following spells:

 Your Spells              Type           Power        Failure   Level  Hunger
a - Beastly Appendage     Tmut           #.....       11%         1    ##.....

Your spell library contained the following spells:

 Spells                   Type           Power        Failure   Level  Hunger
 Sticks to Snakes         Tmut           #.......     16%         2    ###....
 Spider Form              Tmut/Pois      #.........   43%         3    ####...
 Ice Form                 Ice/Tmut       #.......     83%         4    #####..
 Blade Hands              Tmut           #.........   96%         5    ######.


Dungeon Overview and Level Annotations

Branches:
Dungeon (1/15)

Altars:


Innate Abilities, Weirdness & Mutations

You are immune to rotting.
You have claws for feet.


Message History

You hit the leopard gecko but do no damage.
You claw the leopard gecko, but do no damage.
Your transformation is almost over.
The leopard gecko bites you.
* * * LOW HITPOINT WARNING * * *
You barely miss the leopard gecko. The leopard gecko misses you.
You hit the leopard gecko.
The leopard gecko is moderately wounded.
The leopard gecko completely misses you.
The leopard gecko bites you.
* * * LOW HITPOINT WARNING * * *
You hit the leopard gecko but do no damage.
Your kick misses the leopard gecko.
The leopard gecko is moderately wounded.
The leopard gecko misses you.
Some of the chunks of flesh in your inventory have rotted away.
You hit the leopard gecko.
The leopard gecko is severely wounded.
The leopard gecko bites you.
You die...

###.# ##..## ##....#
.####.....( ...........
#### #####...... ...
##..... ##l# ##.#.#
######@######.#####.#.#
#.........##...........
###...##.##.##...........
#........# ##.######....
#........# #.##.
#.......###.# #.##.
##.......$... #.###
#....#.###.. #.###
#.#.##.# #....


You could see a leopard gecko.

Vanquished Creatures
  A leopard gecko (D:1)
  A hobgoblin (D:1)
  3 jackals (D:1)
  A bat (D:1)
  A rat (D:1)
7 creatures vanquished.

Notes
Turn   | Place    | Note
-------+----------+-------------------------------------------
     0 | D:1      | zishaf the Demonspawn Transmuter began the quest for the
                  | Orb.
     0 | D:1      | Reached XP level 1. HP: 15/15 MP: 3/3
   293 | D:1      | Gained mutation: You are immune to rotting. [demonic
                  | ancestry]
   293 | D:1      | Reached XP level 2. HP: 8/21 MP: 3/5
   323 | D:1      | Slain by a leopard gecko

Vault maps used:
D:1:      zaba_arrival_water, st_stairs_7

Action                   || total
-------------------------++-------
Melee: Unarmed           ||    37
       Headbutt          ||     2
       Punch             ||     1
       Kick              ||     2
 Cast: Beastly Appendage ||     2
Armor: Robe              ||     5
Dodge: Dodged            ||    26

Table legend:
 A = Non-vault XP
 B = Vault XP
 C = Vault XP percentage of total XP
 D = Non-vault monster count
 E = Vault monster count
 F = Vault count percentage of total count
                 A         B        C        D         E       F
            +---------+---------+-------+---------+---------+-------
      Total |      13 |       0 |   0.0 |       7 |       0 |   0.0
            +---------+---------+-------+---------+---------+-------
        D:1 |      13 |       0 |   0.0 |       7 |       0 |   0.0
            +---------+---------+-------+---------+---------+-------
